 Dungeon Sprint DCSS version 0.17-a0-1558-g9d24de5 (webtiles) character file.

1161 OdinFK the Grappler (level 8, -3/138 HPs)
             Began as a Troll Berserker on July 20, 2015.
             Was an Elder of Trog.
             Slain by a centaur warrior (14 damage)
             ... in the Dungeon (Sprint I: "Red Sonja").
             The game lasted 00:02:11 (272 turns).

OdinFK the Grappler (Troll Berserker)                Turns: 272, Time: 00:02:11

Health: -3/138     AC:  5    Str: 33    XL:     8   Next: 16%
Magic:  7/7        EV: 13    Int:  3    God:    Trog [****..]
Gold:   447        SH:  0    Dex:  9    Spells: 0 memorised, 7 levels left

rFire  . . .     SeeInvis .       - Unarmed
rCold  . . .     Clarity  .     a - +0 animal skin
rNeg   . . .     SustAt   .     (no shield)
rPois  .         Gourm    +     (helmet restricted)
rElec  .         Spirit   .     (no cloak)
rCorr  .         Warding  .     (gloves unavailable)
rMut   .         NoTele   +     (boots unavailable)
MR     .....                    (no amulet)
Stlth  ..........               (no ring)
                                (no ring)

@: berserking, very quick, not resistant to hostile enchantments, extremely
unstealthy
A: unfitting armour, claws 3, fast metabolism 3, gourmand, regeneration 2,
shaggy fur 1, tough skin 2
a: Burn Spellbooks, Berserk, Trog's Hand, Brothers in Arms, Renounce Religion


You were in the Dungeon.
You worshipped Trog.
Trog was greatly pleased with you.
You were full.

You visited 1 branch You collected 447 gold pieces.

Inventory:

Armour
 a - a +0 animal skin (worn)
Magical devices
 k - a wand of polymorph (12)
Scrolls
 h - a scroll of blinking
Potions
 c - a potion of curing
 d - a potion of heal wounds
 e - a potion of haste
 f - 2 potions of magic
 g - a potion of berserk rage
 i - a potion of brilliance {unknown}
 j - 2 potions of ambrosia {unknown}
Comestibles
 b - 2 bread rations


   Skills:
 + Level 9.3 Fighting
 + Level 9.3 Dodging
 + Level 0.1 Stealth
 + Level 10.6 Unarmed Combat


You had 7 spell levels left.
You didn't know any spells.

Dungeon Overview and Level Annotations

Branches:
Dungeon (1/1)

Altars:
Cheibriados
Dithmenos
Elyvilon
Fedhas
Gozag
Kikubaaqudgha
Makhleb
Nemelex Xobeh
Okawaru
Qazlal
Ru
Sif Muna
Trog
Vehumet
Xom
Yredelemnul
Zin
The Shining One
Jiyva

Shops:
D =


Innate Abilities, Weirdness & Mutations

You are too large for most types of armour.
You have claws for hands.
Your metabolism is lightning-fast.
You like to eat raw meat.
You heal very quickly.
You are covered in fur (AC +1).
You have very tough skin (AC +2).


Message History

You see here an arrow.
You mangle the centaur warrior!!
The centaur warrior begins to bleed from its wounds!
You claw the centaur warrior!
The centaur warrior is severely wounded.
You feel less exhausted. The centaur warrior hits you!
The centaur warrior hits you.
Use which ability? (? or * to list)
A red film seems to cover your vision as you go berserk!
You feel yourself moving faster!
You feel mighty!
You feel somewhat less full. The centaur warrior hits you! x2
* * * LOW HITPOINT WARNING * * *
The centaur warrior hits you!
* * * LOW HITPOINT WARNING * * *
The centaur warrior hits you!
* * * LOW HITPOINT WARNING * * *
You completely miss the centaur warrior.
The centaur warrior is severely wounded.
The centaur warrior hits you!
You die...

#########################
<.#..)..#.)'..#__#..')..#
..').#..'..#..'..'..#)..#
..#####'#####'#__####...+
..####..#...#.####§§#####
..#__####..##.#§§§§.#
..#_..__##'#..§§≈§§.+
⌠⌠#_.∩...÷..._#§§c§.#
###_..._##_.#'##@####
#_____###+#.#.c(.#
####### ####+###


You could see 2 centaur warriors.

Vanquished Creatures
  2 kobold demonologists (D)
  A slime creature (D)
  Sigmund (D)
  A yak (D)
  An ogre (D)
  Ijyb (D)
  A jelly (D)
  A giant eyeball (D)
9 creatures vanquished.

Notes
Turn   | Place    | Note
--------------------------------------------------------------
     0 | D        | OdinFK the Troll Berserker began the quest for the Orb.
     0 | D        | Reached XP level 1. HP: 22/22 MP: 0/0
     1 | D        | Noticed Ijyb
     9 | D        | Killed Ijyb
     9 | D        | Reached skill level 4 in Unarmed Combat
     9 | D        | Reached XP level 2. HP: 29/32 MP: 1/1
    13 | D        | Noticed an ogre
    17 | D        | Killed an ogre
    17 | D        | Acquired Trog's second power
    17 | D        | Reached skill level 5 in Fighting
    17 | D        | Reached skill level 5 in Dodging
    17 | D        | Reached skill level 6 in Unarmed Combat
    17 | D        | Reached XP level 3. HP: 31/42 MP: 2/2
    17 | D        | Reached XP level 4. HP: 36/50 MP: 3/3
    66 | D        | Noticed Sigmund
    86 | D        | Killed Sigmund
    86 | D        | Reached skill level 7 in Unarmed Combat
    86 | D        | Reached XP level 5. HP: 20/61 MP: 4/4
   109 | D        | Found a deep blue altar of Sif Muna.
   110 | D        | Noticed a jelly
   111 | D        | Found a radiant altar of Vehumet.
   114 | D        | Killed a jelly
   114 | D        | Reached XP level 6. HP: 37/68 MP: 5/5
   141 | D        | Found Teqadeol's Jewellery Emporium.
   141 | D        | Found a white marble altar of Elyvilon.
   141 | D        | Found a stormy altar of Qazlal.
   141 | D        | Found a basalt altar of Yredelemnul.
   141 | D        | Found an iron altar of Okawaru.
   141 | D        | Found a sparkling altar of Nemelex Xobeh.
   141 | D        | Found a shimmering altar of Xom.
   141 | D        | Found an ancient bone altar of Kikubaaqudgha.
   141 | D        | Noticed a yak
   145 | D        | Killed a yak
   145 | D        | Reached skill level 8 in Unarmed Combat
   146 | D        | Found a burning altar of Makhleb.
   146 | D        | Found a sacrificial altar of Ru.
   146 | D        | Found a glowing golden altar of the Shining One.
   146 | D        | Found an opulent altar of Gozag.
   146 | D        | Found a glowing silver altar of Zin.
   152 | D        | Found a bloodstained altar of Trog.
   178 | D        | Found a viscous altar of Jiyva.
   178 | D        | Found a blossoming altar of Fedhas.
   178 | D        | Noticed a slime creature
   179 | D        | Found a snail-covered altar of Cheibriados.
   179 | D        | Found a shadowy altar of Dithmenos.
   183 | D        | Killed a slime creature
   183 | D        | Reached skill level 9 in Unarmed Combat
   183 | D        | Reached XP level 7. HP: 58/80 MP: 6/6
   202 | D        | Noticed a kobold demonologist
   204 | D        | Noticed a kobold demonologist
   205 | D        | Noticed a rust devil
   207 | D        | Paralysed by a giant eyeball for 2 turns
   208 | D        | Noticed a soul eater
   216 | D        | Killed a kobold demonologist
   216 | D        | Reached skill level 10 in Unarmed Combat
   217 | D        | Killed a kobold demonologist
   217 | D        | Acquired Trog's third power
   217 | D        | Reached XP level 8. HP: 92/92 MP: 7/7
   248 | D        | Noticed a centaur warrior
   250 | D        | Noticed a centaur warrior
   272 | D        | Slain by a centaur warrior

Vault maps used:
D:        dungeon_sprint_1

Action                   |  1- 3 |  4- 6 |  7- 9 || total
-------------------------+-------+-------+-------++-------
Melee: Unarmed           |    10 |    25 |    17 ||    52
Invok: Berserk           |     1 |     1 |     2 ||     4
  Eat: Chunk             |       |     8 |       ||     8
